[Event "Marshall CC Premier 04-2025"]
[Site "New York"]
[Date "2025.04.07"]
[Round "5.1"]
[White "Hoffman, Luc"]
[Black "Chasin, Nico"]
[Result "0-1"]
[Annotator "RC"]
[ECO "C41"]
[WhiteElo "2211"]
[BlackElo "2435"]
[PlyCount "76"]
[EventDate "2025.01.03"]
[EventType "swiss"]
[EventCountry "USA"]
[SourceTitle "playchess.com"]
[Source "ChessBase"]
[SourceQuality "1"]
[TimeControl "5400+30"]

1. e4 d6 2. d4 Nf6 3. Nc3 e5 4. Nf3 Nbd7 5. g4 Nxg4 6. Rg1 Ngf6 7. Be3 g6 8. Bc4 exd4 9. Nxd4 Ne5 10. Be2 Bg7 11. f4 Nc6 12. Qd2 O-O 13. O-O-O Bd7 14. h4 Re8 15. Bf3 Nxd4 16. Bxd4 Bc6 17. h5 Bxe4 18. Bxe4 Nxe4 19. Nxe4 Rxe4 20. Bxg7 Kxg7 21. Qc3+ Kf8 22. Qh8+ Ke7 23. Qc3 Kd7 24. Qh3+ Re6 25. f5 gxf5 26. Qxf5 Qf8 27. Qb5+ Kc8 28. Qf5 b6 29. Qf3 Kd7 30. Kb1 Rae8 31. Rdf1 f5 32. a4 Re5 33. Qf4 R8e6 34. Qg5 f4 35. Qg4 Qf5 36. Qg7+ Re7 37. h6 f3 38. Qg3 Re2 0-1

[Event "Marshall CC Premier 04-2025"]
[Site "New York"]
[Date "2025.04.07"]
[Round "5.2"]
[White "Tse, Whitney"]
[Black "Muthukumar, Haari"]
[Result "0-1"]
[Annotator "RC"]
[ECO "D31"]
[WhiteElo "1951"]
[BlackElo "2197"]
[PlyCount "70"]
[EventDate "2025.01.03"]
[EventType "swiss"]
[EventCountry "USA"]
[SourceTitle "playchess.com"]
[Source "ChessBase"]
[SourceQuality "1"]
[TimeControl "5400+30"]

1. d4 e6 2. c4 a6 3. Nc3 d5 4. cxd5 exd5 5. Qb3 Nf6 6. Bg5 c6 7. Nf3 Be7 8. e3 O-O 9. Bd3 Qc7 10. Qc2 g6 11. Bxf6 Bxf6 12. Nxd5 Qa5+ 13. Nc3 Bg4 14. Nd2 Bg7 15. O-O Nd7 16. Nce4 Rad8 17. Nc4 Qc7 18. Rac1 h6 19. f3 Be6 20. Ng3 Nb6 21. Qf2 Rfe8 22. Rfd1 Nd5 23. Be4 Nb6 24. Bd3 h5 25. Ne4 Nd5 26. Bb1 Bf5 27. Nc5 Bxb1 28. Rxb1 b5 29. e4 Nf4 30. Ne5 Bxe5 31. dxe5 Rxe5 32. Nxa6 Qe7 33. Rxd8+ Qxd8 34. Nb4 Rg5 35. Nxc6 Nh3+ 0-1

[Event "Marshall CC Premier 04-2025"]
[Site "New York"]
[Date "2025.04.07"]
[Round "5.3"]
[White "Hebbar, Eshaan"]
[Black "Dong, Kyle Qiyu"]
[Result "1-0"]
[Annotator "RC"]
[ECO "D38"]
[WhiteElo "2175"]
[BlackElo "2006"]
[PlyCount "85"]
[EventDate "2025.01.03"]
[EventType "swiss"]
[EventCountry "USA"]
[SourceTitle "playchess.com"]
[Source "ChessBase"]
[SourceQuality "1"]
[TimeControl "5400+30"]

1. d4 d5 2. c4 e6 3. Nc3 Nf6 4. Nf3 Bb4 5. cxd5 exd5 6. Bg5 Nbd7 7. e3 c5 8. dxc5 Qa5 9. Bxf6 Nxf6 10. Qb3 Ne4 11. Rc1 O-O 12. a3 Bxc3+ 13. bxc3 Qxc5 14. Be2 Bg4 15. h3 Bh5 16. g4 Bg6 17. O-O Rfe8 18. Qb2 Rad8 19. c4 b6 20. cxd5 Qxd5 21. Rc7 Qa5 22. Rfc1 Nf6 23. Bb5 Rf8 24. Nd4 a6 25. Bf1 Qg5 26. Qxb6 Nd5 27. Qc5 Qh6 28. Rc6 Nxe3 29. g5 Qh5 30. fxe3 Be4 31. Rd6 Rde8 32. Rd7 Qh4 33. Ne2 Bf3 34. Rd4 Qh5 35. Ng3 Qg6 36. Rd6 f6 37. h4 Kh8 38. Bd3 Qf7 39. Qf5 Qg8 40. Qxf3 fxg5 41. Qd5 Qxd5 42. Rxd5 gxh4 43. Nf1 1-0

[Event "Marshall CC Premier 04-2025"]
[Site "New York"]
[Date "2025.04.07"]
[Round "5.4"]
[White "Marzouq, Chowdhury"]
[Black "Schaefer, Sasha Milo"]
[Result "1/2-1/2"]
[Annotator "RC"]
[ECO "D02"]
[WhiteElo "1983"]
[BlackElo "2050"]
[PlyCount "84"]
[EventDate "2025.01.03"]
[EventType "swiss"]
[EventCountry "USA"]
[SourceTitle "playchess.com"]
[Source "ChessBase"]
[SourceQuality "1"]
[TimeControl "5400+30"]

1. d4 d5 2. Nf3 Nf6 3. Bf4 e6 4. e3 c5 5. Nbd2 Qb6 6. Rb1 Nc6 7. c3 Nh5 8. Be5 cxd4 9. exd4 f6 10. Bg3 Nxg3 11. hxg3 g6 12. Bd3 Bg7 13. Rxh7 Kf7 14. Rxh8 Bxh8 15. Nh4 f5 16. Ndf3 Bf6 17. Qd2 Kg7 18. Ng5 Qd8 19. Nhf3 e5 20. dxe5 Nxe5 21. Nxe5 Bxe5 22. Nf3 Bf6 23. Qf4 Qb6 24. Kf1 Bd7 25. g4 fxg4 26. Ne5 g5 27. Qg3 Qd6 28. Nxd7 Qxd7 29. Be2 Rh8 30. Kg1 Qf5 31. Qc7+ Kg6 32. Rd1 Be5 33. Qc5 Qf4 34. Bd3+ Kf6 35. Kf1 g3 36. Qxa7 gxf2 37. Qb6+ Bd6 38. Ke2 Re8+ 39. Kf1 Rh8 40. Ke2 Re8+ 41. Kf1 Rh8 42. Ke2 Re8+ 1/2-1/2

[Event "Marshall CC Premier 04-2025"]
[Site "New York"]
[Date "2025.04.07"]
[Round "5.5"]
[White "Knowles, Chase"]
[Black "Shen, Leo Xiaohang"]
[Result "1-0"]
[Annotator "RC"]
[ECO "D45"]
[WhiteElo "1968"]
[BlackElo "1998"]
[PlyCount "133"]
[EventDate "2025.01.03"]
[EventType "swiss"]
[EventCountry "USA"]
[SourceTitle "playchess.com"]
[Source "ChessBase"]
[SourceQuality "1"]
[TimeControl "5400+30"]

1. Nf3 d5 2. c4 c6 3. e3 Nf6 4. Nc3 e6 5. b3 Bd6 6. Bb2 O-O 7. Qc2 Nbd7 8. Be2 Re8 9. O-O Qe7 10. d4 b6 11. cxd5 exd5 12. Rac1 Ne4 13. Nxe4 dxe4 14. Nd2 Bb7 15. Nc4 Bc7 16. Rfd1 Rac8 17. Bg4 Rcd8 18. h3 c5 19. Bxd7 Rxd7 20. dxc5 Rxd1+ 21. Qxd1 bxc5 22. Qg4 f6 23. Ba3 Rd8 24. Rd1 Rd3 25. Rxd3 exd3 26. Qf5 Qd8 27. Qxc5 h6 28. Qd4 Qxd4 29. exd4 Bf4 30. Bb4 Kf7 31. g3 Bc7 32. Kf1 Ke6 33. Ne3 f5 34. Bf8 g5 35. d5+ Bxd5 36. Nxd5 Kxd5 37. Bxh6 g4 38. h4 Be5 39. Ke1 Bc3+ 40. Bd2 Bd4 41. Be3 Bc3+ 42. Kd1 a6 43. a3 Ke4 44. h5 Ke5 45. b4 Kf6 46. Bh6 Kf7 47. Bd2 Bd4 48. Be3 Bc3 49. Bc5 Kf6 50. a4 Kg5 51. a5 Be5 52. Kd2 Kxh5 53. b5 axb5 54. a6 Bb8 55. a7 Bxa7 56. Bxa7 Kg5 57. Be3+ Kf6 58. Kxd3 Ke5 59. Kc3 Kd5 60. Kb4 Kc6 61. Ka5 Kd5 62. Kxb5 Ke4 63. Kc5 Kf3 64. Kd5 f4 65. gxf4 g3 66. fxg3 Kxe3 67. f5 1-0

[Event "Marshall CC Premier 04-2025"]
[Site "New York"]
[Date "2025.04.07"]
[Round "5.6"]
[White "Marsh, James J"]
[Black "Chen, Derek Li"]
[Result "1-0"]
[Annotator "RC"]
[ECO "E11"]
[WhiteElo "2058"]
[BlackElo "1980"]
[PlyCount "63"]
[EventDate "2025.01.03"]
[EventType "swiss"]
[EventCountry "USA"]
[SourceTitle "playchess.com"]
[Source "ChessBase"]
[SourceQuality "1"]
[TimeControl "5400+30"]

1. d4 Nf6 2. c4 e6 3. Nf3 Bb4+ 4. Bd2 a5 5. a3 Bxd2+ 6. Qxd2 d6 7. Nc3 Nbd7 8. e4 e5 9. O-O-O exd4 10. Nxd4 O-O 11. f3 Nb6 12. Nc2 Be6 13. Ne3 Qb8 14. Kb1 Rd8 15. Be2 Bd7 16. g4 Na4 17. Nf5 Nxc3+ 18. Qxc3 Bxf5 19. gxf5 Kh8 20. Rhg1 Ne8 21. f6 g6 22. f4 Qa7 23. Rdf1 a4 24. Rg5 Qb6 25. Bd1 d5 26. e5 dxc4 27. Qxc4 Rd2 28. Bc2 Qa6 29. Qxf7 Qxf1+ 30. Ka2 Nxf6 31. exf6 Rg8 32. Rh5 1-0

[Event "Marshall CC Premier 04-2025"]
[Site "New York"]
[Date "2025.04.07"]
[Round "5.7"]
[White "Cheung, Kyle"]
[Black "Ling, Chenxuan"]
[Result "0-1"]
[Annotator "RC"]
[ECO "B33"]
[WhiteElo "1934"]
[BlackElo "2119"]
[PlyCount "70"]
[EventDate "2025.01.03"]
[EventType "swiss"]
[EventCountry "USA"]
[SourceTitle "playchess.com"]
[Source "ChessBase"]
[SourceQuality "1"]
[TimeControl "5400+30"]

1. e4 c5 2. Nf3 Nc6 3. d4 cxd4 4. Nxd4 Nf6 5. Nc3 e5 6. Ndb5 d6 7. Bg5 a6 8. Na3 b5 9. Nd5 Be7 10. Bxf6 Bxf6 11. c3 Bg5 12. g3 O-O 13. h4 Bh6 14. Bh3 Be6 15. Nc2 Ne7 16. Nce3 Rc8 17. Qd3 Nxd5 18. exd5 Bxh3 19. Rxh3 Bxe3 20. fxe3 Qd7 21. Rh2 Qg4 22. Qe2 Qxg3+ 23. Kd2 e4 24. Rg2 Qe5 25. Kc2 Qxd5 26. Rd1 Qxa2 27. Qg4 g6 28. h5 b4 29. Qxe4 Rxc3+ 30. Kd2 Qxb2+ 31. Ke1 Rxe3+ 32. Qxe3 Qxg2 33. h6 Qc6 34. Kf2 Qc5 35. Rd4 b3 0-1

[Event "Marshall CC Premier 04-2025"]
[Site "New York"]
[Date "2025.04.07"]
[Round "5.8"]
[White "Shankar, Pranav"]
[Black "Le, Quan Anh"]
[Result "1/2-1/2"]
[Annotator "RC"]
[ECO "A52"]
[WhiteElo "1966"]
[BlackElo "2111"]
[PlyCount "159"]
[EventDate "2025.01.03"]
[EventType "swiss"]
[EventCountry "USA"]
[SourceTitle "playchess.com"]
[Source "ChessBase"]
[SourceQuality "1"]
[TimeControl "5400+30"]

1. d4 Nf6 2. c4 e5 3. dxe5 Ng4 4. Nf3 Bc5 5. e3 Nc6 6. a3 a5 7. b3 O-O 8. Bb2 Re8 9. Bd3 Ngxe5 10. Nxe5 Nxe5 11. Bxh7+ Kxh7 12. Qh5+ Kg8 13. Bxe5 Qe7 14. Bf4 Ra6 15. O-O Rg6 16. Nc3 c6 17. Na4 d5 18. Nxc5 Bg4 19. Qe5 Qxe5 20. Bxe5 Rxe5 21. Nd3 Re8 22. Nf4 Rd6 23. h3 g5 24. c5 Rd7 25. hxg4 gxf4 26. exf4 Re4 27. g3 Rde7 28. Rab1 Re2 29. b4 Ra2 30. bxa5 Rxa3 31. Ra1 Rc3 32. Rfc1 Rxc1+ 33. Rxc1 Re4 34. Rb1 Ra4 35. Rxb7 Rxa5 36. Kf1 Rxc5 37. Ke2 Rc4 38. Rd7 Kf8 39. g5 Ke8 40. Rc7 c5 41. f5 Rc2+ 42. Ke1 d4 43. f6 c4 44. Re7+ Kd8 45. Re4 d3 46. g6 c3 47. Kf1 Rc1+ 48. Kg2 d2 49. gxf7 Rg1+ 50. Kxg1 d1=Q+ 51. Kg2 Qd6 52. Re8+ Kd7 53. f8=Q Qxf8 54. Rxf8 c2 55. Rc8 Kxc8 56. f7 c1=Q 57. f8=Q+ Kd7 58. Qf7+ Kd8 59. g4 Qc6+ 60. Qf3 Qg6 61. Qf5 Qc6+ 62. Kg3 Qc3+ 63. Kh4 Qh8+ 64. Qh5 Qd4 65. Qg5+ Kd7 66. Qf5+ Ke7 67. f4 Qf2+ 68. Kh5 Qh2+ 69. Kg6 Qa2 70. Qf6+ Ke8 71. f5 Qc2 72. Qe6+ Kd8 73. g5 Qb1 74. Qd5+ Ke8 75. Kg7 Qa1+ 76. f6 Qc3 77. Qe6+ Kd8 78. g6 Qc6 79. Qe7+ Kc8 80. f7 1/2-1/2

[Event "Marshall CC Premier 04-2025"]
[Site "New York"]
[Date "2025.04.07"]
[Round "5.9"]
[White "Smith, Daniel"]
[Black "Berg, George"]
[Result "1-0"]
[Annotator "RC"]
[ECO "B96"]
[WhiteElo "2006"]
[BlackElo "1872"]
[PlyCount "51"]
[EventDate "2025.01.03"]
[EventType "swiss"]
[EventCountry "USA"]
[SourceTitle "playchess.com"]
[Source "ChessBase"]
[SourceQuality "1"]
[TimeControl "5400+30"]

1. e4 c5 2. Nf3 d6 3. d4 cxd4 4. Nxd4 Nf6 5. Nc3 a6 6. Bg5 e6 7. f4 Nbd7 8. Qf3 Qc7 9. O-O-O b5 10. e5 Bb7 11. Qh3 dxe5 12. Nxe6 fxe6 13. Qxe6+ Be7 14. Bxb5 axb5 15. Nxb5 Qc6 16. Nd6+ Kd8 17. fxe5 Kc7 18. Qxe7 Nd5 19. Rxd5 Qxd5 20. Rd1 Qxe5 21. Ne8+ Rhxe8 22. Qxd7+ Kb6 23. Rd6+ Ka7 24. Bd2 Rad8 25. Qa4+ Kb8 26. Rxd8+ 1-0

[Event "Marshall CC Premier 04-2025"]
[Site "New York"]
[Date "2025.04.07"]
[Round "5.10"]
[White "Yang, Lucas"]
[Black "Kurup, Siddharth"]
[Result "1/2-1/2"]
[Annotator "RC"]
[ECO "D37"]
[WhiteElo "1899"]
[BlackElo "1965"]
[PlyCount "72"]
[EventDate "2025.01.03"]
[EventType "swiss"]
[EventCountry "USA"]
[SourceTitle "playchess.com"]
[Source "ChessBase"]
[SourceQuality "1"]
[TimeControl "5400+30"]

1. d4 d5 2. c4 e6 3. Nc3 a6 4. cxd5 exd5 5. Nf3 Nf6 6. Bg5 Be6 7. e3 Nbd7 8. Bd3 c6 9. O-O Bd6 10. Bf4 Qc7 11. Bxd6 Qxd6 12. h3 O-O 13. Re1 Rfe8 14. Qc2 h6 15. Rad1 Rac8 16. Na4 Ne4 17. Bxe4 dxe4 18. Nd2 Bd5 19. Nc5 Nxc5 20. dxc5 Qe6 21. Nb3 Bxb3 22. Qxb3 Qxb3 23. axb3 Rcd8 24. b4 f5 25. Kf1 Kf7 26. Ke2 Kf6 27. Rxd8 Rxd8 28. Rd1 Rxd1 29. Kxd1 Ke5 30. Kc2 Kd5 31. Kc3 g5 32. g3 h5 33. Kb3 g4 34. h4 Ke6 35. Ka4 Kd7 36. Ka5 Kc7 1/2-1/2